[Event "Titled Tuesday Blitz March 15 Early 2022"]
[White "Hernandez Jimenez, Alexander Andres"]
[Black "Demin, Vladimir"]
[WhiteFideId "3900452"]
[BlackFideId "4167457"]
[WhiteElo "2082"]
[BlackElo "2490"]
[Result "0-1"]
[Round "05"]
[TimeControl "180+1"]
[Date "2022.03.15"]
[WhiteClock "0:00:01"]
[BlackClock "0:00:12"]

1. e4 e5 2. Nf3 Nc6 3. Bc4 Nf6 4. d3 h6 5. O-O d6 6. c3 g5 7. Re1 Bg7 8. d4 O-O 9. dxe5 Nxe5 10. Nxe5 dxe5 11. Be3 Qe7 12. Nd2 Rd8 13. f3 Nh5 14. Qc2 Nf4 15. Nb3 g4 16. Bxf4 exf4 17. Be2 g3 18. Rad1 Be6 19. Nd4 Qc5 20. Qd2 Bxa2 21. Qxf4 gxh2+ 22. Qxh2 Bxd4+ 23. cxd4 Rxd4 24. Qg3+ Kh8 25. Qf2 Rad8 26. Rc1 Qd6 27. Qe3 Kg7 28. e5 Qb6 29. Bf1 Be6 30. b3 c6 31. Bc4 Bxc4 32. bxc4 Rd3 33. Qxb6 axb6 34. Rb1 Rc3 35. Rxb6 Rd7 36. Re4 Rc2 37. Rg4+ Kh7 38. f4 h5 39. Rg5 Kh6 40. Rg3 Rxc4 41. f5 Re4 42. e6 fxe6 43. fxe6 Rxe6 44. Rgb3 Ree7 45. R6b4 Rg7 46. Rb6 Rd1+ 47. Kh2 Rd2 0-1


[Site "https://www.chess.com"]

[Event "Titled Tuesday Blitz March 15 Early 2022"]
[White "Hess, Robert"]
[Black "Aghamaliyev, Cemil"]
[WhiteFideId "2022036"]
[BlackFideId "13400215"]
[WhiteElo "2557"]
[BlackElo "2773"]
[Result "1-0"]
[Round "05"]
[TimeControl "180+1"]
[Date "2022.03.15"]
[WhiteClock "0:01:01"]
[BlackClock "0:01:27"]

1. b3 e5 2. Bb2 Nc6 3. e3 a6 4. Ne2 Nf6 5. h3 d5 6. d3 Be6 7. Nd2 Bd6 8. a3 O-O 9. g4 Nd7 10. Bg2 Nb6 11. Ng3 g6 12. e4 a5 13. Nf3 Re8 14. O-O f6 15. a4 Bf7 16. Kh2 Qd7 17. Qd2 Rad8 18. Rad1 Bb4 19. Qh6 Bf8 20. Qh4 Bg7 21. g5 f5 22. exf5 gxf5 23. Nh5 Bxh5 24. Qxh5 e4 25. Bxg7 exf3 26. Bf6 Qd6+ 27. Kg1 fxg2 28. Kxg2 Ne7 29. Qh6 Kf7 30. Rde1 1-0


[Site "https://www.chess.com"]

[Event "Titled Tuesday Blitz March 15 Early 2022"]
[White "Hoffmann, Asa"]
[Black "Weishaeutel, Moritz"]
[WhiteFideId "2001470"]
[BlackFideId "12967300"]
[WhiteElo "2117"]
[BlackElo "2002"]
[Result "0-1"]
[Round "05"]
[TimeControl "180+1"]
[Date "2022.03.15"]
[WhiteClock "0:01:01"]
[BlackClock "0:00:17"]

1. d4 Nf6 2. Bg5 e6 3. Nd2 h6 4. Bh4 d5 5. e3 Be7 6. Bd3 O-O 7. f4 c5 8. c3 b6 9. Qe2 a5 10. Ngf3 Ba6 11. Bxa6 Nxa6 12. Ne5 Nb8 13. O-O Nfd7 14. Bg3 Nxe5 15. fxe5 Bh4 16. Qg4 Bxg3 17. Qxg3 Qe7 18. Rf4 b5 19. Raf1 Nc6 20. Rg4 f5 21. exf6 Rxf6 22. Rxf6 Qxf6 23. Rf4 Qe7 24. Nf3 Rf8 25. h4 b4 26. h5 a4 27. a3 bxa3 28. bxa3 cxd4 29. cxd4 Qxa3 30. Rxf8+ Qxf8 31. Qc7 Qa8 32. Qd7 a3 33. Qxe6+ Kh8 34. Ne5 Nxe5 35. dxe5 a2 0-1


[Site "https://www.chess.com"]

[Event "Titled Tuesday Blitz March 15 Early 2022"]
[White "Horobetz, Graham"]
[Black "Agrest, Evgenij"]
[WhiteFideId "2047322"]
[BlackFideId "1705024"]
[WhiteElo "2584"]
[BlackElo "2574"]
[Result "0-1"]
[Round "05"]
[TimeControl "180+1"]
[Date "2022.03.15"]
[WhiteClock "0:00:02"]
[BlackClock "0:00:11"]

1. e4 d5 2. exd5 Qxd5 3. Nc3 Qd8 4. d4 g6 5. Nf3 Bg7 6. Bc4 a6 7. O-O Nf6 8. Ne5 O-O 9. Be3 Nc6 10. Nxc6 bxc6 11. h3 Rb8 12. Bb3 Nd5 13. Qf3 Be6 14. Ne4 a5 15. Nc5 Bf5 16. g4 Bc8 17. c3 e5 18. dxe5 Bxe5 19. Rad1 Bd6 20. Ne4 Be6 21. Ng5 Qe7 22. Nxe6 fxe6 23. Qe4 Rbe8 24. Kg2 Nf4+ 25. Bxf4 Rxf4 26. Qxc6 h5 27. f3 Ref8 28. Rde1 Qh4 29. Re3 hxg4 30. Bxe6+ Kh8 31. Bxg4 R4f6 32. f4 Bxf4 33. Ref3 Rxc6 34. Rxf4 Rxf4 35. Rxf4 Rd6 36. Rf8+ Kg7 37. Rf2 Rd3 38. Bf3 Qg5+ 39. Bg4 Qe3 40. Re2 Qg3+ 0-1


[Site "https://www.chess.com"]

[Event "Titled Tuesday Blitz March 15 Early 2022"]
[White "Iljin, Timofey"]
[Black "Dejmek, Mark"]
[WhiteFideId "14110180"]
[BlackFideId "2017628"]
[WhiteElo "2396"]
[BlackElo "2215"]
[Result "1-0"]
[Round "05"]
[TimeControl "180+1"]
[Date "2022.03.15"]
[WhiteClock "0:01:00"]
[BlackClock "0:00:02"]

1. e4 e5 2. d4 exd4 3. c3 d5 4. exd5 Qxd5 5. cxd4 Nc6 6. Nf3 Nf6 7. Nc3 Bb4 8. Be2 O-O 9. O-O Bxc3 10. bxc3 Bf5 11. Be3 Rad8 12. Rc1 Rfe8 13. Qb3 Qxb3 14. axb3 h6 15. Rfe1 a6 16. h3 Nd5 17. Bc4 Nxe3 18. fxe3 Be4 19. Nd2 Kf8 20. Nxe4 Rxe4 21. Bd3 Re7 22. e4 f6 23. Rcd1 Na7 24. d5 Nb5 25. Bxb5 axb5 26. c4 bxc4 27. bxc4 Rde8 28. Rd4 Ra8 29. c5 Ra5 30. Rc1 Ra2 31. Rb4 b6 32. d6 cxd6 33. cxb6 Rb7 34. Rc7 Rb8 35. b7 1-0


[Site "https://www.chess.com"]

[Event "Titled Tuesday Blitz March 15 Early 2022"]
[White "Ilyasli, Ughur"]
[Black "Jeet, Jain"]
[WhiteFideId "13416197"]
[BlackFideId "5073022"]
[WhiteElo "2045"]
[BlackElo "2085"]
[Result "1-0"]
[Round "05"]
[TimeControl "180+1"]
[Date "2022.03.15"]
[WhiteClock "0:01:00"]
[BlackClock "0:00:51"]

1. d4 Nf6 2. c4 c5 3. d5 b5 4. cxb5 a6 5. f3 axb5 6. e4 Qb6 7. e5 Ng8 8. f4 d6 9. Nf3 g6 10. Nc3 b4 11. Ne4 Bf5 12. Ng3 Nh6 13. Bc4 dxe5 14. fxe5 Bg7 15. Bxh6 Bxh6 16. Nxf5 gxf5 17. e6 fxe6 18. dxe6 Qd6 19. Qe2 Nc6 20. Rd1 Nd4 21. Nxd4 cxd4 22. Qh5+ Kd8 23. Qxh6 Qe5+ 24. Kf2 Qc5 25. Qf4 d3+ 26. Kf3 Qc6+ 27. Ke3 Qc5+ 28. Qd4+ Qxd4+ 29. Kxd4 Rg8 30. g3 Rg4+ 31. Kxd3 Rc8 32. Bb5 Rc5 33. Ke3+ Kc7 34. Rc1 Kb6 35. Rxc5 Kxc5 36. Bd3 1-0


[Site "https://www.chess.com"]

[Event "Titled Tuesday Blitz March 15 Early 2022"]
[White "Indjic, Aleksandar"]
[Black "Myshakov, Fyodor"]
[WhiteFideId "911925"]
[BlackFideId "14111284"]
[WhiteElo "2616"]
[BlackElo "2310"]
[Result "1-0"]
[Round "05"]
[TimeControl "180+1"]
[Date "2022.03.15"]
[WhiteClock "0:02:03"]
[BlackClock "0:00:13"]

1. d4 d5 2. Nf3 Nf6 3. c4 dxc4 4. Nc3 e6 5. Qa4+ c6 6. Qxc4 Be7 7. g4 Nxg4 8. Rg1 h5 9. h3 Nf6 10. Rxg7 Rg8 11. Rxg8+ Nxg8 12. e4 b6 13. Qb3 Bb7 14. Bf4 Nf6 15. O-O-O Na6 16. a3 b5 17. Nxb5 cxb5 18. Bxb5+ Kf8 19. Bh6+ Kg8 20. Rg1+ Kh8 21. Bg7+ Kh7 22. Ng5+ Kg8 23. Bxf6 Qc8+ 24. Kb1 Bxf6 25. Nxe6+ Kh8 26. Qf3 Bxe4+ 27. Qxe4 fxe6 28. Qg6 1-0


[Site "https://www.chess.com"]

[Event "Titled Tuesday Blitz March 15 Early 2022"]
[White "Jacobson, Aaron"]
[Black "Tari, Aryan"]
[WhiteFideId "2089912"]
[BlackFideId "1510045"]
[WhiteElo "2265"]
[BlackElo "2567"]
[Result "0-1"]
[Round "05"]
[TimeControl "180+1"]
[Date "2022.03.15"]
[WhiteClock "0:02:46"]
[BlackClock "0:02:10"]

1. e4 c6 2. Nf3 d5 3. exd5 cxd5 4. d4 Nf6 5. Ne5 a6 6. c3 Nc6 7. Bd3 g6 8. Nd2 Bg7 9. O-O O-O 10. f4 Bf5 11. Bxf5 gxf5 12. Kh1 e6 13. g4 Nxe5 14. fxe5 Nxg4 15. Qf3 Qh4 16. h3 f6 17. Kg2 Nh6 18. exf6 Rxf6 19. Qe2 Rg6+ 20. Kh1 0-1


[Site "https://www.chess.com"]

[Event "Titled Tuesday Blitz March 15 Early 2022"]
[White "Jaferian, Koosha"]
[Black "Ismayil, Malak"]
[WhiteFideId "12507440"]
[BlackFideId "13412604"]
[WhiteElo "2030"]
[BlackElo "1879"]
[Result "1-0"]
[Round "05"]
[TimeControl "180+1"]
[Date "2022.03.15"]
[WhiteClock "0:00:07"]
[BlackClock "0:00:04"]

1. Nf3 Nf6 2. b3 e6 3. Bb2 d5 4. e3 Be7 5. Be2 O-O 6. O-O c5 7. c4 b6 8. cxd5 exd5 9. d4 Bb7 10. Nbd2 Na6 11. Rc1 Nc7 12. Bd3 Ne6 13. Qe2 Ne4 14. Rfd1 cxd4 15. Nxd4 Nxd4 16. Bxd4 Nc5 17. Bb1 Rc8 18. Qg4 g6 19. Nf3 Ne6 20. Bb2 Bf6 21. Nd4 Nxd4 22. Bxd4 Bxd4 23. Qxd4 Qe7 24. h4 h5 25. Bd3 Rc5 26. Be2 Rfc8 27. Rb1 Rc2 28. Rd2 Qe4 29. Rbd1 Qxd4 30. exd4 Rxd2 31. Rxd2 Rc1+ 32. Kh2 Bc8 33. Bf3 Be6 34. g3 Kf8 35. Kg2 Ke7 36. Re2 Kd6 37. Rd2 Rc3 38. Be2 Bf5 39. f3 Rc2 40. Rxc2 Bxc2 41. g4 hxg4 42. fxg4 Bb1 43. a3 Ke6 44. Kf2 f5 45. g5 Bc2 46. b4 a5 47. Ke3 axb4 48. axb4 Be4 49. Bb5 Ke7 50. Kf4 Bg2 51. Ke5 Be4 52. Bc6 Bf3 53. Bxd5 Bh5 54. Bc4 Bg4 55. d5 Bh5 56. d6+ Kd7 57. Be6+ Kd8 58. Bf7 Kd7 59. Bc4 Kd8 60. Bb5 Bg4 61. Bc6 Bh5 62. Bb5 Bg4 63. Ba4 Bh5 64. Bc6 Bg4 65. Kf6 Bh5 66. Ke5 Bg4 67. Kf4 Bh5 68. Bb5 Bg4 69. Ba4 Bh5 70. Ke5 Bg4 71. Bb3 Bh5 72. Bf7 Kd7 73. Be6+ Kd8 74. b5 Ke8 75. Kf6 Kd8 76. Bf7 f4 77. Ke5 f3 78. Bc4 f2 79. Bf1 Bg4 80. Kf4 Bf5 81. Ke3 Kd7 82. Kxf2 Kxd6 83. Ke3 Ke5 84. Bd3 Bg4 85. Bxg6 Be6 86. Bd3 Bd7 87. h5 Be8 88. h6 1-0


[Site "https://www.chess.com"]

[Event "Titled Tuesday Blitz March 15 Early 2022"]
[White "Jaskolka, Tomasz"]
[Black "Andreikin, Dmitry"]
[WhiteFideId "1170791"]
[BlackFideId "4158814"]
[WhiteElo "2073"]
[BlackElo "2736"]
[Result "0-1"]
[Round "05"]
[TimeControl "180+1"]
[Date "2022.03.15"]
[WhiteClock "0:01:36"]
[BlackClock "0:01:56"]

1. d4 Nf6 2. Bf4 g6 3. Nc3 Bg7 4. e4 O-O 5. Qd2 d6 6. O-O-O a6 7. f3 b5 8. Bh6 b4 9. Nb1 c5 10. dxc5 Qa5 11. cxd6 Rd8 12. Bxg7 Kxg7 13. a3 Nc6 14. axb4 Nxb4 15. Qd4 Na2# 0-1


[Site "https://www.chess.com"]

[Event "Titled Tuesday Blitz March 15 Early 2022"]
[White "Kamsky, Gata"]
[Black "Golubev, Mikhail"]
[WhiteFideId "2000024"]
[BlackFideId "14100983"]
[WhiteElo "2645"]
[BlackElo "2374"]
[Result "1-0"]
[Round "05"]
[TimeControl "180+1"]
[Date "2022.03.15"]
[WhiteClock "0:00:37"]
[BlackClock "0:00:06"]

1. e4 c5 2. Nf3 d6 3. d4 Nf6 4. Bb5+ Nbd7 5. e5 Qa5+ 6. Nc3 Ne4 7. O-O Nxc3 8. Bxd7+ Bxd7 9. bxc3 Qxc3 10. Bd2 Qc4 11. exd6 exd6 12. Re1+ Be6 13. Bg5 h6 14. Bh4 g5 15. d5 gxh4 16. dxe6 fxe6 17. Nd2 Qd5 18. c4 Qf5 19. Qa4+ Kf7 20. Qd7+ Be7 21. Ne4 Qe5 22. Nxc5 Qxc5 23. Qxe6+ Kg7 24. Qxe7+ Kg8 25. Qe6+ Kg7 26. Qd7+ Kg8 27. Re7 1-0


[Site "https://www.chess.com"]

[Event "Titled Tuesday Blitz March 15 Early 2022"]
[White "Kanyamarala, Tarun"]
[Black "Svane, Rasmus"]
[WhiteFideId "45004714"]
[BlackFideId "4657101"]
[WhiteElo "2075"]
[BlackElo "2645"]
[Result "0-1"]
[Round "05"]
[TimeControl "180+1"]
[Date "2022.03.15"]
[WhiteClock "0:00:01"]
[BlackClock "0:00:25"]

1. d4 Nf6 2. c4 e6 3. Nc3 Bb4 4. e3 O-O 5. Bd2 b6 6. Nf3 Bb7 7. Bd3 c5 8. a3 Bxc3 9. Bxc3 cxd4 10. exd4 d5 11. b3 a5 12. a4 Nc6 13. O-O Nb4 14. Bxb4 axb4 15. Ne5 dxc4 16. bxc4 Qd6 17. Qd2 Rfd8 18. Rfd1 Nd7 19. Bxh7+ Kxh7 20. Nxf7 Qc6 21. d5 exd5 22. Nxd8 Rxd8 23. cxd5 Qg6 24. Qxb4 Nf6 25. Ra3 Rxd5 26. Rxd5 Bxd5 27. Rh3+ Kg8 28. Rg3 Qh6 29. Qc3 Be6 30. Qc6 Bd7 31. Qc4+ Kh8 32. h3 Bf5 33. Re3 Kh7 34. Re5 Bd7 35. Qd4 Qc1+ 36. Kh2 Qc7 37. f4 Qc6 38. Qd3+ Kg8 39. Qb3+ Kh8 40. Qg3 Qd6 41. Rg5 Ne4 42. Qh4+ Kg8 43. Re5 Nf6 44. Qe1 Bxa4 45. Qc3 Be8 46. Qc8 Kf7 47. Qf5 Bd7 48. Qc2 b5 49. Qb3+ Kf8 50. Qb2 b4 0-1


[Site "https://www.chess.com"]

[Event "Titled Tuesday Blitz March 15 Early 2022"]
[White "Kett, Tim"]
[Black "Avazkhonov, Alikhon"]
[WhiteFideId "1801210"]
[BlackFideId "14208504"]
[WhiteElo "2098"]
[BlackElo "1739"]
[Result "0-1"]
[Round "05"]
[TimeControl "180+1"]
[Date "2022.03.15"]
[WhiteClock "0:00:33"]
[BlackClock "0:00:04"]

1. e4 c6 2. d4 d5 3. e5 c5 4. dxc5 e6 5. a3 Bxc5 6. b4 Be7 7. Qg4 g5 8. Nf3 h5 9. Qd4 Nc6 10. Bb5 g4 11. Ng1 Nh6 12. Bxh6 Rxh6 13. Ne2 Bd7 14. Bxc6 bxc6 15. h3 gxh3 16. Rxh3 a5 17. Ng3 h4 18. Nd2 Rg6 19. Nh5 axb4 20. axb4 Rxg2 21. Kf1 Rg6 22. Rxa8 Qxa8 23. Nf6+ Bxf6 24. exf6 Qa6+ 25. c4 Qa4 26. Nf3 Qxb4 27. Rxh4 Qb1+ 28. Ne1 Rg8 29. cxd5 cxd5 30. Qc5 Bb5+ 0-1


[Site "https://www.chess.com"]

[Event "Titled Tuesday Blitz March 15 Early 2022"]
[White "Khabinets, Ivan"]
[Black "Pakleza, Zbigniew"]
[WhiteFideId "14115980"]
[BlackFideId "1119290"]
[WhiteElo "2114"]
[BlackElo "2467"]
[Result "0-1"]
[Round "05"]
[TimeControl "180+1"]
[Date "2022.03.15"]
[WhiteClock "0:00:02"]
[BlackClock "0:00:31"]

1. e4 a6 2. d4 h6 3. Nc3 b6 4. f4 g6 5. Bd3 c6 6. Nf3 d6 7. O-O e6 8. Qe2 f6 9. Nh4 Ne7 10. f5 g5 11. Qh5+ Kd7 12. fxe6+ Kc7 13. Ng6 Nxg6 14. Qxg6 Bxe6 15. Rxf6 Rg8 16. Qh7+ Qd7 17. Qxd7+ Bxd7 18. Be3 Be8 19. Raf1 Nd7 20. R6f2 Bg6 21. a4 b5 22. axb5 axb5 23. d5 b4 24. dxc6 bxc3 25. cxd7 cxb2 26. Bd4 Bg7 27. c3 Bxd4 28. cxd4 Rgb8 29. Rb1 Ra1 30. Kf1 d5 31. Rc2+ Kxd7 32. Rd2 dxe4 33. Bc2 e3 34. Re2 Bxc2 35. Rxc2 Rxb1+ 0-1


[Site "https://www.chess.com"]

[Event "Titled Tuesday Blitz March 15 Early 2022"]
[White "Koellner, Ruben Gideon"]
[Black "Maltsevskaya, Aleksandra"]
[WhiteFideId "12993093"]
[BlackFideId "24174041"]
[WhiteElo "2437"]
[BlackElo "2241"]
[Result "1-0"]
[Round "05"]
[TimeControl "180+1"]
[Date "2022.03.15"]
[WhiteClock "0:00:06"]
[BlackClock "0:00:10"]

1. d4 Nf6 2. Bg5 Ne4 3. Bf4 c5 4. f3 Qa5+ 5. c3 Nf6 6. d5 e6 7. e4 exd5 8. exd5 d6 9. Na3 Be7 10. Nc4 Qd8 11. Ne3 O-O 12. Bd3 Re8 13. Ne2 Bf8 14. g4 Nbd7 15. Kf2 Ne5 16. c4 a6 17. a4 Rb8 18. Nc3 b5 19. axb5 axb5 20. Nxb5 Nxd3+ 21. Qxd3 Bd7 22. Nxd6 Rxb2+ 23. Kg3 Nh5+ 24. gxh5 Bxd6 25. Bxd6 Qg5+ 26. Ng4 Bxg4 27. Bf4 Qf5 28. Qxf5 Bxf5 29. Rhe1 Rc8 30. Rac1 h6 31. Re7 Ra2 32. Rc7 Re8 33. d6 Ree2 34. d7 Rg2+ 35. Kh4 g5+ 36. hxg6 Kg7 37. d8=Q Rxg6 38. Qd6 Rxh2+ 39. Bxh2 Rg4+ 40. fxg4 Bg6 41. Qe5+ Kh7 42. Qf4 h5 43. Qe5 hxg4 44. Qf6 Kg8 45. Kxg4 Kh7 46. Kg5 Bf5 47. Rc8 Be6 48. Rh8# 1-0


[Site "https://www.chess.com"]

[Event "Titled Tuesday Blitz March 15 Early 2022"]
[White "Kosteniuk, Alexandra"]
[Black "Bacrot, Etienne"]
[WhiteFideId "4128125"]
[BlackFideId "605506"]
[WhiteElo "2469"]
[BlackElo "2673"]
[Result "0-1"]
[Round "05"]
[TimeControl "180+1"]
[Date "2022.03.15"]
[WhiteClock "0:00:07"]
[BlackClock "0:00:07"]

1. e4 c5 2. c3 d5 3. exd5 Qxd5 4. d4 Nf6 5. Nf3 e6 6. Be2 Be7 7. O-O O-O 8. c4 Qd8 9. dxc5 Bxc5 10. Nc3 Nc6 11. Bg5 h6 12. Bh4 Be7 13. a3 Nh5 14. Qxd8 Rxd8 15. Bxe7 Nxe7 16. Rfd1 Bd7 17. Ne5 Nf6 18. Bf3 Rab8 19. Nxd7 Rxd7 20. Rxd7 Nxd7 21. Rd1 Ne5 22. Be2 g5 23. b4 f5 24. c5 Kf7 25. f3 a6 26. Kf2 Kf6 27. Rd6 N5c6 28. Bc4 Nd8 29. Na4 Nec6 30. Nb6 Ne5 31. Bb3 Ke7 32. g3 f4 33. gxf4 gxf4 34. Ke2 Kf6 35. a4 Kf5 36. b5 axb5 37. axb5 Ndf7 38. Bxe6+ Kg5 39. Bxf7 Nxf7 40. Rd5+ Kh4 41. Nd7 Re8+ 42. Kf2 Ng5 43. c6 bxc6 44. bxc6 Nh3+ 45. Kf1 Re3 46. Ne5 Ng5 47. Kf2 Rc3 48. Ng6+ Kh3 49. Nxf4+ Kxh2 50. Ne2 Nh3+ 51. Ke1 Rxc6 52. Rh5 Rf6 53. f4 Kg2 54. f5 Ng5 55. Kd2 Kf3 56. Nd4+ Ke4 57. Ne6 Kxf5 58. Nxg5 hxg5 59. Ke2 Kg4 60. Rh1 Rf5 61. Rg1+ Kh4 62. Rh1+ Kg3 63. Rg1+ Kh3 64. Rh1+ Kg2 65. Rh5 Re5+ 66. Kd3 Kf3 67. Kd2 Kf2 68. Kd3 Kf3 69. Kd2 Kg4 70. Rh1 Kf4 71. Rf1+ Kg3 72. Rg1+ Kh2 73. Rg4 Kh3 74. Rg1 g4 0-1


[Site "https://www.chess.com"]

[Event "Titled Tuesday Blitz March 15 Early 2022"]
[White "Krasilnikov, Evgeni"]
[Black "Hansen, Soren Bech"]
[WhiteFideId "4139739"]
[BlackFideId "1400681"]
[WhiteElo "2206"]
[BlackElo "2235"]
[Result "1-0"]
[Round "05"]
[TimeControl "180+1"]
[Date "2022.03.15"]
[WhiteClock "0:00:32"]
[BlackClock "0:00:01"]

1. e4 c5 2. c3 d6 3. d4 Nf6 4. Bd3 e5 5. Nf3 Nc6 6. dxc5 dxc5 7. O-O Be7 8. h3 O-O 9. Qe2 Qc7 10. Na3 Be6 11. Bc4 Bxc4 12. Nxc4 b5 13. Ne3 c4 14. Nd5 Qb7 15. Bg5 Nxd5 16. exd5 Bxg5 17. dxc6 Qe7 18. Qxe5 Qxe5 19. Nxe5 Rfc8 20. a4 Bf6 21. Nd7 bxa4 22. Rxa4 Rxc6 23. Nxf6+ gxf6 24. Rfa1 Rb8 25. R1a2 Rcb6 26. Rxc4 Rxb2 27. Rxa7 Rc2 28. Rf4 Kg7 29. Rg4+ Kf8 30. Rf4 Kg7 31. Ra6 Rxc3 32. Raxf6 Rb7 33. g3 h6 34. h4 Rc1+ 35. Kg2 Re1 36. Ra6 Re6 37. Rxe6 fxe6 38. Kh3 h5 39. f3 Rb6 40. g4 hxg4+ 41. fxg4 Rb3+ 42. Kg2 Rb2+ 43. Rf2 Rb3 44. Rf3 Rb2+ 45. Kg3 Kg6 46. Re3 Kf6 47. h5 Kg5 48. Re5+ Kf6 49. Ra5 e5 50. Ra6+ 1-0


[Site "https://www.chess.com"]

[Event "Titled Tuesday Blitz March 15 Early 2022"]
[White "Kulkarni, Rakesh"]
[Black "Skliarov, Viktor"]
[WhiteFideId "5037077"]
[BlackFideId "14106736"]
[WhiteElo "2246"]
[BlackElo "2229"]
[Result "0-1"]
[Round "05"]
[TimeControl "180+1"]
[Date "2022.03.15"]
[WhiteClock "0:00:11"]
[BlackClock "0:00:44"]

1. e4 c5 2. c3 d6 3. d4 Nf6 4. Bd3 g6 5. Nf3 Bg7 6. O-O O-O 7. h3 Nc6 8. Be3 d5 9. e5 Ne4 10. Nbd2 Bf5 11. Qb1 cxd4 12. cxd4 Nb4 13. Bxe4 dxe4 14. Nxe4 Rc8 15. Nh4 Nc2 16. Nxf5 gxf5 17. Ng3 e6 18. Nh5 Qh4 19. Nf4 Rfd8 20. g3 Qe7 21. Qd1 Nxa1 22. Qxa1 f6 23. exf6 Bxf6 24. Re1 Qf7 25. Qd1 e5 26. Nh5 exd4 27. Bf4 d3 28. Qd2 Qxh5 0-1


[Site "https://www.chess.com"]

[Event "Titled Tuesday Blitz March 15 Early 2022"]
[White "Maghsoodloo, Parham"]
[Black "Kowalczyk, Pawel"]
[WhiteFideId "12539929"]
[BlackFideId "1130641"]
[WhiteElo "2630"]
[BlackElo "2344"]
[Result "0-1"]
[Round "05"]
[TimeControl "180+1"]
[Date "2022.03.15"]
[WhiteClock "0:01:38"]
[BlackClock "0:01:39"]

1. e4 c5 2. Nf3 e6 3. d4 cxd4 4. Nxd4 Qb6 5. Nc3 Bc5 6. Be3 Nc6 7. Na4 Qa5+ 8. c3 Bxd4 9. Bxd4 Nxd4 10. Qxd4 e5 11. Qb4 Qxb4 12. cxb4 Nf6 13. Nc3 d6 14. O-O-O Ke7 15. f3 Be6 16. g4 h6 17. h4 Rac8 18. Kb1 Rhd8 19. g5 Nh5 20. Bh3 Nf4 21. Bxe6 fxe6 22. gxh6 gxh6 23. Rhg1 Rg8 24. Rxg8 Rxg8 25. Nb5 d5 26. Nxa7 d4 27. a4 Ra8 28. Nb5 Rxa4 29. Rc1 Rxb4 30. Rc7+ Kf6 31. Rxb7 d3 32. Kc1 d2+ 33. Kxd2 Rxb2+ 34. Kc3 Rf2 35. Nd6 Rxf3+ 36. Kd2 Rd3+ 37. Kc2 Rxd6 0-1


[Site "https://www.chess.com"]

[Event "Titled Tuesday Blitz March 15 Early 2022"]
[White "Manukyan, Artyom"]
[Black "Buscar, Michael"]
[WhiteFideId "13305786"]
[BlackFideId "2603616"]
[WhiteElo "2034"]
[BlackElo "2010"]
[Result "1-0"]
[Round "05"]
[TimeControl "180+1"]
[Date "2022.03.15"]
[WhiteClock "0:00:26"]
[BlackClock "0:00:11"]

1. d4 d5 2. Bf4 Nf6 3. e3 e6 4. Nf3 c5 5. c3 Qb6 6. b3 cxd4 7. cxd4 Bb4+ 8. Nbd2 Ne4 9. Bd3 Qa5 10. Bxe4 dxe4 11. Ne5 Nc6 12. Nc4 Qd5 13. O-O g5 14. Bg3 h5 15. h4 Be7 16. hxg5 Qxg5 17. Nxe4 Qg6 18. Ned6+ Kf8 19. Nxc8 Rxc8 20. Ne5 Nxe5 21. Bxe5 f6 22. Bh2 h4 23. Qf3 Kf7 24. Rac1 Rc2 25. Rxc2 Qxc2 26. Qxb7 h3 27. d5 Qe4 28. dxe6+ Qxe6 29. Rd1 Rg8 30. Bg3 hxg2 31. Qd5 Rc8 32. Rd2 Bb4 33. Qd7+ Qxd7 34. Rxd7+ Ke6 35. Rxa7 Rc2 36. Kxg2 Bc5 37. Ra6+ Kd5 38. Ra5 Kc6 39. Ra6+ Kb7 40. Rxf6 Bxe3 41. a4 Bc5 42. Rf5 Kc6 43. Rf3 Rb2 44. Kh3 Ra2 45. Kg4 Kd5 46. Rf5+ Kc6 47. Rf4 Rb2 48. Rf3 Kd5 49. Kf5 Kc6 50. Ke4 Re2+ 51. Kd3 Rb2 52. Kc3 Rb1 53. Rf6+ Kd5 54. Rf5+ Kc6 55. Kc2 Ra1 56. Rf4 Ra2+ 57. Kc3 Ra1 58. b4 Bd6 59. Rc4+ Kd5 60. Rd4+ Ke6 61. Rxd6+ Kf5 62. Kc4 Rxa4 63. Kb5 Ra1 64. Rd3 Ke4 65. Rb3 Kd5 66. Rd3+ Ke4 67. Rd6 Kf5 68. Kc5 Ke4 69. b5 Rc1+ 70. Kb6 Re1 71. Kb7 Rh1 72. b6 Rh7+ 73. Ka6 Kf3 74. b7 Kg2 75. b8=Q Rh1 76. Qb7+ Kg1 77. Rd1# 1-0


[Site "https://www.chess.com"]

[Event "Titled Tuesday Blitz March 15 Early 2022"]
[White "Marson, Juan Miguel"]
[Black "Samadov, Read"]
[WhiteFideId "106585"]
[BlackFideId "13417444"]
[WhiteElo "2053"]
[BlackElo "2084"]
[Result "1/2-1/2"]
[Round "05"]
[TimeControl "180+1"]
[Date "2022.03.15"]
[WhiteClock "0:00:16"]
[BlackClock "0:00:13"]

1. e4 c5 2. c3 d5 3. exd5 Qxd5 4. d4 Nc6 5. Nf3 Bf5 6. Be3 Nf6 7. Na3 cxd4 8. Bc4 Qa5 9. Nxd4 Nxd4 10. Bxd4 e5 11. Bb5+ Bd7 12. Bxd7+ Nxd7 13. Nc4 Qd5 14. Qe2 f6 15. Ne3 Qe6 16. Nc2 Be7 17. O-O O-O 18. f4 Bc5 19. Bxc5 Nxc5 20. fxe5 fxe5 21. Rxf8+ Rxf8 22. Re1 e4 23. Nb4 a5 24. Qe3 b6 25. Nd3 Nxd3 26. Qxd3 Qxa2 27. Qxe4 Qxb2 28. Qe6+ Kh8 29. Qf7 Rg8 30. Re8 Qc1+ 31. Kf2 Qd2+ 32. Kf1 Qd3+ 33. Kf2 Qd2+ 34. Kf1 Qd1+ 35. Kf2 Qc2+ 36. Kf1 Qb1+ 37. Kf2 Qb2+ 38. Kf1 Qc1+ 39. Kf2 Qd2+ 1/2-1/2


[Site "https://www.chess.com"]

[Event "Titled Tuesday Blitz March 15 Early 2022"]
[White "Martic, Ivan"]
[Black "Tanenbaum, Zachary"]
[WhiteFideId "929301"]
[BlackFideId "2060850"]
[WhiteElo "2317"]
[BlackElo "2168"]
[Result "0-1"]
[Round "05"]
[TimeControl "180+1"]
[Date "2022.03.15"]
[WhiteClock "0:01:41"]
[BlackClock "0:00:23"]

1. e4 e5 2. Nf3 Nc6 3. Bb5 a6 4. Ba4 d6 5. O-O Nf6 6. d3 b5 7. Bb3 Na5 8. c3 Nxb3 9. axb3 Be7 10. b4 O-O 11. Nbd2 Bb7 12. Re1 Nd7 13. Nb3 Rb8 14. g4 d5 15. Na5 Ba8 16. exd5 Bxd5 17. Nxe5 Bd6 18. Nac6 Qh4 19. f4 Rbe8 20. Bd2 Qh3 21. Re2 Nxe5 22. Nxe5 f6 23. c4 Bb7 24. c5 fxe5 25. cxd6 Qxg4+ 26. Kf1 Qf3+ 27. Rf2 Qh1+ 28. Ke2 exf4+ 0-1


[Site "https://www.chess.com"]

[Event "Titled Tuesday Blitz March 15 Early 2022"]
[White "Matinian, Nikita"]
[Black "Dreev, Aleksey"]
[WhiteFideId "24129100"]
[BlackFideId "4100107"]
[WhiteElo "2422"]
[BlackElo "2625"]
[Result "0-1"]
[Round "05"]
[TimeControl "180+1"]
[Date "2022.03.15"]
[WhiteClock "0:00:02"]
[BlackClock "0:00:15"]

1. e4 c5 2. Nc3 Nc6 3. Bb5 Nd4 4. Nf3 e6 5. O-O a6 6. Bd3 Nc6 7. b3 d6 8. Bb2 Nf6 9. Re1 Be7 10. e5 dxe5 11. Nxe5 Nxe5 12. Rxe5 Bd7 13. Qf3 Bc6 14. Qh3 Qc7 15. Rae1 O-O-O 16. a4 Rd4 17. Ne2 Rg4 18. Ng3 Bd6 19. Rh5 Rg8 20. Bxf6 gxf6 21. Rxh7 f5 22. Rxe6 Kb8 23. Bxf5 Rd4 24. Bd3 Bd7 25. Rh8 Qc8 26. Rxg8 Qxg8 27. Rg6 fxg6 28. Qxd7 Bxg3 29. Qe7 Bd6 30. Qg5 Rd5 0-1


[Site "https://www.chess.com"]

[Event "Titled Tuesday Blitz March 15 Early 2022"]
[White "Maung, Maung Kyaw Zaw Hein"]
[Black "Dolzhykova, Kateryna"]
[WhiteFideId "13001698"]
[BlackFideId "14113414"]
[WhiteElo "1785"]
[BlackElo "2184"]
[Result "1/2-1/2"]
[Round "05"]
[TimeControl "180+1"]
[Date "2022.03.15"]
[WhiteClock "0:01:31"]
[BlackClock "0:01:21"]

1. Nf3 d5 2. d4 c6 3. c4 Nf6 4. Nc3 g6 5. cxd5 cxd5 6. Bf4 Bg7 7. e3 O-O 8. Rc1 Nc6 9. Bd3 Bf5 10. O-O e6 11. h3 Ne4 12. Bxe4 Bxe4 13. Nxe4 dxe4 14. Nd2 f5 15. Qb3 Qd7 16. Nc4 Kh8 17. Rc2 Rac8 18. Rfc1 h6 19. Nd6 Rc7 1/2-1/2


[Site "https://www.chess.com"]